 Dungeon Crawl Stone Soup version 0.31.0-10-gcf4a605ca0 (webtiles) character file.

Game seed: 14896365871475607211

2452 Luthien the Destroyer (level 9, -1/50 HPs)
             Began as a Deep Elf Conjurer on Jan 24, 2024.
             Slain by a two-headed ogre
             ... wielding a +0 halberd
              (13 damage)
             ... in a bailey on Jan 25, 2024.
             The game lasted 00:42:10 (9450 turns).

Luthien the Destroyer (Deep Elf Conjurer)           Turns: 9450, Time: 00:42:11

Health: -1/50      AC:  6    Str: 10    XL:     9   Next: 25%
Magic:  13/23      EV: 12    Int: 28    God:
Gold:   371        SH:  0    Dex: 13    Spells: 9/24 levels left

rFire   . . .        L - +2 dagger (vamp)
rCold   + . .        (no shield)
rNeg    . . .        O - +0 steam dragon scales
rPois   .            s - +0 helmet
rElec   .            (no cloak)
rCorr   .            (no gloves)
SInv    .            (no boots)
Will    .....        (no amulet)
Stlth   ++           G - ring of protection from cold
HPRegen 0.28/turn    N - +6 ring of strength
MPRegen 0.18/turn

%: no passive effects
@: no status effects
A: no striking features
a: no special abilities


You were in a bailey.
You visited 1 branch of the dungeon, and saw 7 of its levels.
You also visited: Ossuary and Bailey.

You collected 371 gold pieces.

Inventory:

Hand Weapons
 e - a +0 dagger
 m - a +0 spear
 q - a +0 vampiric spear
 u - a +0 dagger of pain
 L - a +2 vampiric dagger (weapon)
Missiles
 l - 13 boomerangs (quivered)
 n - 43 stones
Armour
 a - a +0 robe
 r - a +0 ring mail of poison resistance
 s - a +0 helmet (worn)
 O - +0 steam dragon scales (worn)
Magical Staves
 x - a staff of fire
Jewellery
 G - a ring of protection from cold (left hand)
 N - a +6 ring of strength (right hand)
Scrolls
 f - 4 scrolls of teleportation
 g - a scroll of silence {unknown}
 h - a scroll of torment {unknown}
 j - 2 scrolls of fear
 p - 2 scrolls of noise
 t - a scroll of blinking
 w - a scroll of enchant weapon {unknown}
 y - 2 scrolls of vulnerability
 B - a scroll of amnesia
 D - a scroll of immolation {unknown}
 E - 2 scrolls of identify
 H - a scroll of enchant armour {unknown}
 I - a scroll of fog {unknown}
 J - a scroll of poison {unknown}
 M - 3 scrolls of summoning {unknown}
Potions
 b - a potion of magic
 c - 5 potions of curing
 d - 3 potions of mutation
 i - 2 potions of attraction
 k - 2 potions of enlightenment {unknown}
 o - 3 potions of might {unknown}
 v - a potion of heal wounds {unknown}
 z - a potion of berserk rage {unknown}
 A - 3 potions of invisibility
 C - 2 potions of degeneration {unknown}
 F - a potion of brilliance {unknown}
 K - a potion of haste {unknown}


   Skills:
 - Level 3.0 Fighting
 - Level 3.0 Dodging
 - Level 3.0 Stealth
 - Level 8.0 Spellcasting
 + Level 10.5 Conjurations
 + Level 2.5 Earth Magic
 - Level 5.0 Alchemy


You had 9 spell levels left.
You knew the following spells:

 Your Spells              Type           Power      Damage    Failure   Level
a - Magic Dart            Conj           100%       1d8       1%          1
b - Searing Ray           Conj           100%       2d8       1%          2
p - Fulminant Prism       Conj/Alch      26%        3d14      1%          4
A - Lehudib's Crystal Sp  Conj/Erth      23%        10d7      100%        8

Your spell library contained the following spells:

 Spells                   Type           Power      Damage    Failure   Level
 Static Discharge         Conj/Air       80%        3-7/arc   1%          2
 Iskenderun's Mystic Bla  Conj/Tloc      40%        2d9       5%          4
 Summon Ice Beast         Ice/Summ       11%        N/A       14%         3
 Tukima's Dance           Hex            11%        N/A       14%         3
 Airstrike                Air            5%         2d(1-17)  43%         4
 Dimensional Bullseye     Hex/Tloc       5%         N/A       43%         4
 Passage of Golubria      Tloc           11%        N/A       43%         4
 Summon Lightning Spire   Summ/Air       11%        N/A       43%         4
 Silence                  Hex/Air        5%         N/A       80%         5
 Summon Mana Viper        Hex/Summ       11%        N/A       80%         5
 Monstrous Menagerie      Summ           5%         N/A       100%        7


Dungeon Overview and Level Annotations

Branches:
Dungeon (7/15)             Temple (0/1) D:7         Ossuary (visited)
 Bailey (1/1)

Altars:
Cheibriados
Uskayaw

Shops:
D:5 [

Annotations:
D:3 tunnel


Message History

The two-headed ogre attacks as it pursues you!
The two-headed ogre completely misses you.
The two-headed ogre hits you from afar with a +0 halberd!
You hear a shout! x2
Casting: Fulminant Prism (dangerous; 1% risk of failure)
Confirm with . or Enter, or press ? or * to list all spells.
Aiming: Fulminant Prism (dangerous; 1% risk of failure)
Press: ? - help, Dir - move target, f - two-headed ogre
Aim: a two-headed ogre, wielding two +0 halberds (moderately wounded)
Okay, then.
Casting: Fulminant Prism (dangerous; 1% risk of failure)
Confirm with . or Enter, or press ? or * to list all spells.
Aiming: Fulminant Prism (dangerous; 1% risk of failure)
Press: ? - help, Dir - move target You conjure a prism of explosive energy!
A fulminant prism comes into view.
The two-headed ogre attacks as it pursues you!
The two-headed ogre closely misses you.
The two-headed ogre hits you from afar with a +0 halberd!
Your fulminant prism crackles loudly.
Your fulminant prism explodes!
The blast of energy engulfs the two-headed ogre!!
The two-headed ogre is almost dead.
Casting: Fulminant Prism (dangerous; 1% risk of failure)
Confirm with . or Enter, or press ? or * to list all spells.
Aiming: Fulminant Prism (dangerous; 1% risk of failure)
Press: ? - help, Dir - move target You conjure a prism of explosive energy!
A fulminant prism comes into view.
Your fulminant prism crackles loudly.
An ogre comes into view. It is wielding a +0 halberd.
Your fulminant prism explodes!
The blast of energy engulfs the two-headed ogre.
The two-headed ogre is almost dead.
You hear a shout!
The two-headed ogre attacks as it pursues you!
The two-headed ogre hits you from afar with a +0 halberd!
* * * LOW HITPOINT WARNING * * *
The two-headed ogre hits you from afar with a +0 halberd!
You die...

#########
##.......##
###
##.........#
##.##
##..###♣#♣♣..#
##...## ##.O♣#
..# #.....#
##..## ..#
##.....###.@♣#
..#
#..)∩))~~~..#
.#
#....).~~~..♣
#
#......~~~..#
#......~~~..♣
#...∩..~~~..#
##.....###.O#
#.....# ##..#
##...## ##..#


You could see a two-headed ogre and an ogre.

Vanquished Creatures
  2 spriggans (Bailey)
  A steam dragon (Bailey)
  A water moccasin (D:6)
  2 orc warriors
  5 ogres (Bailey)
  2 scorpions (D:4)
  A burial acolyte (Ossuary)
  2 water moccasin zombies (Ossuary)
  5 howler monkeys
  3 hounds
  3 jellies
  5 orc priests
  A spectral scorpion (Ossuary)
  An iguana (D:5)
  3 orc wizards
  2 crocodile zombies (Ossuary)
  2 mummies (Ossuary)
  Robin (D:2)
  8 adders
  7 gnolls
  2 ufetubi (D:6)
  2 adder zombies (Ossuary)
  A dart slug (D:4)
  A ribbon worm (D:3)
  17 orcs
  9 ball pythons
  5 endoplasms
  6 giant cockroaches
  18 gnoll zombies (Ossuary)
  13 goblins
  8 hobgoblins
  6 kobolds
  3 quokkas
  8 bats
  4 frilled lizards
  2 jackal zombies (Ossuary)
  2 orc zombies (Ossuary)
  9 rats
173 creatures vanquished.

Vanquished Creatures (others)
  37 fulminant prisms
37 creatures vanquished.

Grand Total: 210 creatures vanquished

Notes
Turn   | Place    | Note
-------+----------+-------------------------------------------
     0 | D:1      | Luthien the Deep Elf Conjurer began the quest for the Orb.
     0 | D:1      | Reached XP level 1. HP: 10/10 MP: 6/6
   295 | D:1      | Reached XP level 2. HP: 15/15 MP: 5/8
   299 | D:1      | Learned a level 2 spell: Searing Ray
  1355 | D:1      | Reached XP level 3. HP: 19/19 MP: 7/10
  1635 | D:2      | Reached skill level 5 in Conjurations
  1878 | D:2      | Reached XP level 4. HP: 24/24 MP: 8/12
  1951 | D:2      | Noticed Robin
  1958 | D:2      | Killed Robin
  2691 | D:4      | Noticed a scorpion
  2702 | D:3      | Reached skill level 5 in Spellcasting
  2886 | D:3      | Reached XP level 5. HP: 28/28 MP: 11/14
  2908 | D:3      | Found a snail-covered altar of Cheibriados.
  3896 | D:4      | Reached skill level 6 in Conjurations
  4124 | D:4      | Reached XP level 6. HP: 32/32 MP: 11/15
  4130 | D:4      | Learned a level 4 spell: Fulminant Prism
  4139 | D:4      | Reached skill level 1 in Alchemy
  4978 | D:4      | Noticed an orc warrior
  4995 | D:5      | Entered Level 5 of the Dungeon
  5000 | D:5      | Reached XP level 7. HP: 13/36 MP: 8/16
  5073 | D:5      | Found a sand-covered staircase.
  5090 | Ossuary  | Entered an ossuary
  5136 | Ossuary  | Reached skill level 5 in Alchemy
  5136 | Ossuary  | Reached skill level 7 in Conjurations
  5303 | Ossuary  | Reached skill level 1 in Fighting
  5896 | D:4      | HP: 2/40 [orc warrior/boomerang (7)]
  6694 | D:5      | Reached skill level 8 in Conjurations
  6694 | D:5      | Reached XP level 8. HP: 45/45 MP: 12/17
  6855 | D:5      | You fall into a shaft and drop 1 floor!
  7694 | D:5      | Found Assipattle's Dragon-Slaying Spoils.
  8423 | D:6      | Reached skill level 9 in Conjurations
  8688 | D:6      | Upgraded the game from 0.31.0-9-g3a7656b989 to
                  | 0.31.0-10-gcf4a605ca0
  8760 | D:7      | Found a hide-covered altar of Uskayaw.
  8760 | D:7      | Noticed a +0 falchion
  8760 | D:7      | Noticed a +0 short sword
  8760 | D:7      | Noticed a +0 short sword
  8760 | D:7      | Noticed a +0 falchion
  8761 | D:7      | Noticed a +0 spear
  8763 | D:7      | Noticed a +0 dagger
  8763 | D:7      | Noticed a +0 dagger
  8764 | D:7      | Noticed a +0 spear
  8856 | D:7      | Found a staircase to the Ecumenical Temple.
  9118 | D:7      | Found a flagged portal.
  9155 | Bailey   | Entered a bailey
  9183 | Bailey   | Reached skill level 10 in Conjurations
  9194 | Bailey   | Reached XP level 9. HP: 47/50 MP: 6/22
  9203 | Bailey   | Learned a level 8 spell: Lehudib's Crystal Spear
  9207 | Bailey   | Reached skill level 1 in Earth Magic
  9438 | Bailey   | Noticed a two-headed ogre
  9450 | Bailey   | Slain by a two-headed ogre

Illustrated notes

Levels and vault maps discovered:
D:1:      psy_arrival_heroes, layout_basic, hex_large, supply_closet_lemuel,
          minmay_shallow_snake_nest
D:2:      layout_rooms, minmay_fractal_squares_5, uniq_robin
D:3:      layout_basic, mainiacjoe_overflow_alcove_1, minmay_hedge_maze,
          minmay_puff
D:4:      layout_rooms, nicolae_nh_ransacked_shop
D:5:      layout_gridville, enter_ossuary_5, nicolae_shop_dragon_depot
D:6:      minmay_klotski, layout_loops_ring
D:7:      layout_basic, nicolae_uskayaw_en_pointe,
          minmay_temple_entry_antechambers, enter_bailey_3, serial_bayou_pond_c
Bailey:   bailey_polearm_enchanted_keep_hellmonk, bailey

Skill      XL: |  1  2  3  4  5  6  7  8  9 |
---------------+----------------------------+-----
Stealth        | 3 |  3.0
Dodging        | 3 |  3.0
Spellcasting   | 4 5 7 8 |  8.0
Conjurations   | 5 6 8 10 | 10.5
Alchemy        | 4 5 |  5.0
Fighting       | 2 3 |  3.0
Earth Magic    | 2 |  2.5

Action                     |  1- 3 |  4- 6 |  7- 9 || total
---------------------------+-------+-------+-------++-------
  Melee: Spear             |       |     6 |    16 ||    22
         Dagger            |       |       |     3 ||     3
  Throw: Boomerang         |       |       |    18 ||    18
   Cast: Magic Dart        |    43 |    57 |    24 ||   124
         Searing Ray       |    11 |    30 |    24 ||    65
         Fulminant Prism   |       |       |    37 ||    37
    Use: Scroll            |       |     3 |     8 ||    11
 Armour: Robe              |     1 |    14 |    37 ||    52
         Skin              |       |     1 |       ||     1
         Steam dragon scal |       |       |     6 ||     6
  Dodge: Dodged            |     1 |    17 |    33 ||    51
